 Dungeon Sprint DCSS version 0.28.0-43-g3370ac3207 (webtiles) character file.

Game seed: 13695908934043308807

504 boopmooplesden the Spear-Bearer (level 6, -1/69 HPs)
             Began as a Minotaur Berserker on Mar 8, 2022.
             Was a Believer of Trog.
             Slain by a wyvern (11 damage)
             ... in the Dungeon (Sprint II: "The Violet Keep of Menkaure").
             The game lasted 00:00:17 (72 turns).

boopmooplesden the Spear-Bearer (Minotaur Berserker)  Turns: 72, Time: 00:00:18

Health: -1/69      AC:  2    Str: 23    XL:     6   Next: 96%
Magic:  5/5        EV: 13    Int:  4    God:    Trog [**....]
Gold:   243        SH:  0    Dex: 10    Spells: 5/5 levels left

rFire   . . .      SeeInvis .   a - +0 spear
rCold   . . .      Faith    .   (no shield)
rNeg    . . .      Spirit   .   b - +0 animal skin
rPois   .          Reflect  .   (helmet restricted)
rElec   .          Harm     .   (no cloak)
rCorr   .          Rampage  .   (no gloves)
Will    .....      NoTele   +   (no boots)
Stlth   +.........              (no amulet)
HPRegen 0.21/turn               (no ring)
MPRegen 0.09/turn               (no ring)

@: no status effects
A: horns 2, retaliatory headbutt
a: Renounce Religion, Berserk, Trog's Hand


You were in the Dungeon.
You worshipped Trog.
Trog was pleased with you.
You visited 1 branch You collected 243 gold pieces.

Inventory:

Hand Weapons
 a - a +0 spear (weapon)
Armour
 b - a +0 animal skin (worn)
Scrolls
 h - a scroll of blinking
Potions
 c - a potion of curing
 d - a potion of heal wounds
 e - a potion of haste
 f - 2 potions of magic
 g - a potion of berserk rage


   Skills:
 + Level 11.7 Fighting
 + Level 11.9 Polearms
 + Level 6.0 Armour
 + Level 5.5 Dodging


You had 5 spell levels left.
You didn't know any spells.
Your spell library was empty.

Dungeon Overview and Level Annotations

Branches:
Dungeon (1/1)

Altars:


Innate Abilities, Weirdness & Mutations

You have a pair of horns on your head.
You reflexively headbutt those who attack you in melee.


Message History

Your Fighting skill increases to level 11!
Your Polearms skill increases to level 11!
Your Armour skill increases to level 6!
You hit the wyvern but do no damage. You hit the wyvern but do no damage.
Your headbutt misses the wyvern. The wyvern closely misses you.
You furiously retaliate!
You headbutt the wyvern! You completely miss the wyvern.
The wyvern is moderately wounded.
The wyvern bites you.
You hit the wyvern.
The wyvern is heavily wounded.
You hit the wyvern but do no damage.
The wyvern is heavily wounded.
You recover from your berserk rage.
The wyvern bites you!
You hit the wyvern. Your headbutt misses the wyvern.
The wyvern is heavily wounded.
The wyvern barely misses you.
You hit the wyvern but do no damage.
The wyvern is moderately wounded.
The wyvern bites you.
You closely miss the wyvern. You headbutt the wyvern.
The wyvern is heavily wounded.
You barely miss the wyvern. Your headbutt misses the wyvern.
The wyvern is heavily wounded.
The wyvern barely misses you.
You closely miss the wyvern.
The wyvern is heavily wounded.
The wyvern bites you.
You hit the wyvern but do no damage.
The wyvern is heavily wounded.
The wyvern bites you!
* * * LOW HITPOINT WARNING * * *
You hit the wyvern.
The wyvern is severely wounded.
You closely miss the wyvern. Your headbutt misses the wyvern.
The wyvern is severely wounded.
The wyvern bites you!
You die...

## ## .#
#. $#.
###
#l###.##
##@##...#
+.<.††##+
##.##...#
#+###.##
##


You could see a wyvern.

Vanquished Creatures
  A wyvern (D)
  4 necrophages (D)
5 creatures vanquished.

Notes
Turn   | Place    | Note
-------+----------+-------------------------------------------
     0 | D        | boopmooplesden the Minotaur Berserker began the quest for
                  | the Orb.
     0 | D        | Reached XP level 1. HP: 19/19 MP: 0/0
     1 | D        | Noticed a necrophage
     1 | D        | Noticed a necrophage
     1 | D        | Noticed a necrophage
     1 | D        | Noticed a necrophage
     6 | D        | Killed a necrophage
     7 | D        | Reached XP level 2. HP: 34/34 MP: 1/1
     7 | D        | Reached XP level 3. HP: 39/39 MP: 2/2
     7 | D        | Reached XP level 4. HP: 47/47 MP: 3/3
    12 | D        | Killed a necrophage
    13 | D        | Reached XP level 5. HP: 57/57 MP: 4/4
    15 | D        | Killed a necrophage
    15 | D        | Reached ** piety under Trog
    16 | D        | Reached skill level 10 in Fighting
    16 | D        | Reached skill level 10 in Polearms
    16 | D        | Reached skill level 5 in Armour
    19 | D        | Killed a necrophage
    20 | D        | Reached skill level 5 in Dodging
    20 | D        | Reached XP level 6. HP: 67/67 MP: 5/5
    50 | D        | Noticed a wyvern
    50 | D        | Noticed a wyvern
    59 | D        | Killed a wyvern
    72 | D        | Slain by a wyvern

Illustrated notes

Levels and vault maps discovered:
D:        the_violet_keep_of_menkaure [sprint2_stairs_cluster_1,
          sprint2_shoproom, sprint2_temple, sprint2_basic_supplies,
          sprint2_obstacle_7, sprint2_obstacle_1, sprint2_obstacle_6,
          sprint2_obstacle_5, sprint2_obstacle_4, sprint2_timed_cluster_1,
          sprint2_smallroom_cluster_1, sprint2_smallroom_final_cluster_1,
          sprint2_transparent_cluster_1, sprint2_second_timed_cluster_1,
          sprint2_sniper_area_1, sprint2_heavy_combat_area_1,
          sprint2_mutation_trap_area_1, sprint2_forest_area_1,
          sprint2_light_combat_area_1, sprint2_behind_water_1,
          sprint2_near_end_vault_1]

Skill      XL: |  1  2  3  4  5  6 |
---------------+-------------------+-----
Fighting       | 7 9 10 11 | 11.7
Polearms       | 7 9 10 11 | 11.9
Armour         | 4 5 6 |  6.0
Dodging        | 3 4 5 |  5.5

Action                   |  1- 3 |  4- 6 || total
-------------------------+-------+-------++-------
Melee: Spear             |     4 |    34 ||    38
       Headbutt          |       |     7 ||     7
Invok: Berserk           |     1 |       ||     1
Armor: Animal skin       |       |     1 ||     1
Dodge: Dodged            |     1 |     7 ||     8
